 Dungeon Crawl Stone Soup version 0.32-a0-350-g4f4d228785 (webtiles) character file.

Game seed: 15445657521633589422

2279 n00bmints the Basher (level 9, -1/54 (79) HPs)
             Began as a Minotaur Berserker on Feb 17, 2024.
             Was a Believer of Trog.
             Killed by divine providence
             ... invoked by Jeremiah
              (16 damage)
             ... on level 7 of the Dungeon.
             The game lasted 00:22:23 (5043 turns).

n00bmints the Basher (Minotaur Berserker)           Turns: 5043, Time: 00:22:24

HP:   -1/54 (79)    AC: 11    Str: 25    XL:     9   Next: 16%
MP:   8/8           EV: 10    Int:  4    God:    Trog [**....]
Gold: 362           SH:  0    Dex: 11    Spells: 8/8 levels left

rFire   . . .        m - +1 flail
rCold   . . .        (no shield)
rNeg    . . .        l - +0 chain mail
rPois   .            (helmet restricted)
rElec   .            (no cloak)
rCorr   .            (no gloves)
SInv    +            (no boots)
Will    ++...        (no amulet) Stlth
                     (no ring)
HPRegen 1.29/turn    (no ring)
MPRegen 0.11/turn

%: no passive effects
@: strong-willed, on berserk cooldown, regenerating, very heavily drained
A: horns 2, retaliatory headbutt, see invisible, high MP 1
a: Renounce Religion, Berserk, Trog's Hand


You were on level 7 of the Dungeon.
You worshipped Trog.
Trog was pleased with you.
You visited 1 branch of the dungeon, and saw 7 of its levels.
You also visited: Ossuary.

You collected 362 gold pieces.

Inventory:

Hand Weapons
 a - a +0 mace
 m - a +1 flail (weapon)
Armour
 l - a +0 chain mail (worn)
Wands
 s - a wand of polymorph (8)
 w - a wand of flame (28)
 x - a wand of iceblast (6)
Scrolls
 c - a scroll of identify
 i - 2 scrolls of amnesia
 q - 2 scrolls of revelation
 t - a scroll of poison {unknown}
 v - a scroll of vulnerability {unknown}
Potions
 b - 3 potions of attraction {unknown}
 d - 3 potions of haste {unknown}
 f - 4 potions of mutation
 g - 4 potions of degeneration {unknown}
 h - a potion of berserk rage {unknown}
 j - 2 potions of lignification {unknown}
 n - a potion of resistance {unknown}
 o - 2 potions of ambrosia {unknown}
 p - 2 potions of enlightenment {unknown}
 r - 2 potions of might {unknown}
 u - a potion of cancellation {unknown}


   Skills:
 + Level 7.2 Fighting
 + Level 10.1 Maces & Flails
 + Level 8.6 Armour
 + Level 4.0 Dodging
 + Level 0.7 Stealth


You had 8 spell levels left.
You didn't know any spells.
Your spell library was empty.

Dungeon Overview and Level Annotations

Branches:
Dungeon (7/15)             Temple (0/1) D:7         Ossuary (visited)

Altars:
Nemelex Xobeh

Annotations:
D:7 Jeremiah


Innate Abilities, Weirdness & Mutations

You have a pair of horns on your head.
You reflexively headbutt those who attack you in melee.
You have supernaturally acute eyesight. (SInv)
You have an increased reservoir of magic. (+10% MP)


Message History

You feel better.
The butterfly disappears in a burst of colours! x2
You feel better.
Your skin stops crawling.
You feel less strong-willed.
The butterfly disappears in a burst of colours! x2
Jeremiah hops!
You miss the butterfly. Your headbutt misses the butterfly.
The butterfly disappears in a burst of colours! x3
Jeremiah completely misses you.
You miss the butterfly.
The butterfly disappears in a burst of colours!
Jeremiah asks, "Where am I?
Why are you fighting me?"
Jeremiah hits you from afar with a +2 trident of draining!
You feel drained.
You barely miss the butterfly.
The butterfly disappears in a burst of colours! x2
Jeremiah barely misses you.
Jeremiah asks, "Where am I?
Why are you fighting me?"
Jeremiah hits you from afar with a +2 trident of draining!
You feel drained.
* * * LOW HITPOINT WARNING * * *
You feel better.
The butterfly disappears in a burst of colours!
Jeremiah mumbles a slurred invocation.
Something smites you!
* * * LOW HITPOINT WARNING * * *
Your skin crawls.
You feel strong-willed.
You feel yourself speed up.
The butterfly disappears in a burst of colours! x2
Jeremiah hops!
Jeremiah closely misses you.
As you read the scroll labelled HAATHR JATZOUF, it crumbles to dust.
It is a scroll of enchant weapon.
Your +0 flail glows red for a moment.
The butterfly disappears in a burst of colours!
Jeremiah hops!
You miss the butterfly.
Jeremiah mumbles a slurred invocation.
Something smites you!
You die...
Jeremiah asks, "Is it over?
Can I wake up now?"

,*,,,,,,*<,,,,,,,,,,,,,*
,*,,,,,,*,,,,,,,,,,,,,,*
,*,,,,,,+......,,,,,,,,*
,*#######......,,,,,,,,*
**#.!........######*****
.,#..........#bbbb#,,,*
.,#.....b....#.b..#,,,*
.,#.........$#bb.b#,,,*
.,#..........#bb@b#,,,*
###......b...##b###,,,*
.F...##'####......#,,,*
.....'.....#bb.b..+,,,*
.b...#.....#bbb...#,,,*
..bb.#.....#.F....#,,,*
.....#.....#......#,,,*
.....#.....#......#*****
.....#######........,,,*


You could see Jeremiah.

Vanquished Creatures
  Eustachio (D:5)
  Menkaure (D:5)
  A black bear (D:4)
  A sky beast (D:6)
  An ice beast (D:6)
  An ogre (D:4)
  3 elf zombies (Ossuary)
  2 scorpions (D:5)
  Blork the orc (D:5)
  3 wights (D:4)
  3 centaur zombies (Ossuary)
  A hound (D:6)
  A jelly (D:5)
  2 orc priests (D:3)
  2 bombardier beetles
  3 human zombies (Ossuary)
  Jessica (D:2)
  2 sleepcaps (D:5)
  4 iguanas
  2 orc wizards
  5 hound zombies (Ossuary)
  2 mummies (Ossuary)
  13 gnolls
  7 adders
  A river rat (D:5)
  2 ufetubi (D:6)
  2 adder zombies (Ossuary)
  2 ribbon worms
  4 dart slugs
  9 orcs
  7 bats
  6 endoplasms
  2 giant cockroaches (D:5)
  4 gnoll zombies (Ossuary)
  7 goblins
  6 hobgoblins
  4 jackals (D:4)
  5 quokkas
  6 ball pythons
  A frilled lizard (D:2)
  3 jackal zombies (Ossuary)
  2 kobolds
  5 kobold zombies (Ossuary)
  9 orc zombies (Ossuary)
  5 rats
155 creatures vanquished.

Notes
Turn   | Place    | Note
-------+----------+-------------------------------------------
     0 | D:1      | n00bmints the Minotaur Berserker began the quest for the
                  | Orb.
     0 | D:1      | Reached XP level 1. HP: 19/19 MP: 0/0
    89 | D:1      | Reached XP level 2. HP: 27/27 MP: 1/1
   135 | D:1      | Reached skill level 4 in Maces & Flails
   214 | D:1      | Reached XP level 3. HP: 32/33 MP: 2/2
  1088 | D:2      | Reached ** piety under Trog
  1388 | D:2      | Noticed Jessica
  1391 | D:2      | Killed Jessica
  1392 | D:2      | Reached skill level 5 in Fighting
  1392 | D:2      | Reached XP level 4. HP: 34/42 MP: 3/3
  1478 | D:3      | Reached skill level 5 in Maces & Flails
  1672 | D:3      | Reached XP level 5. HP: 48/48 MP: 4/4
  2509 | D:4      | Reached XP level 6. HP: 57/57 MP: 5/5
  2661 | D:4      | Reached skill level 6 in Maces & Flails
  2671 | D:4      | Reached XP level 7. HP: 63/63 MP: 6/6
  2714 | D:4      | Reached skill level 5 in Armour
  2844 | D:5      | Entered Level 5 of the Dungeon
  2844 | D:5      | Noticed Eustachio
  2844 | D:5      | Found a sparkling altar of Nemelex Xobeh.
  2849 | D:5      | Killed Eustachio
  2957 | D:5      | Reached skill level 7 in Maces & Flails
  3034 | D:5      | Noticed Blork the orc
  3055 | D:5      | Killed Blork the orc
  3227 | D:5      | Reached XP level 8. HP: 64/71 MP: 7/7
  3274 | D:5      | Noticed Menkaure
  3280 | D:5      | Killed Menkaure
  3286 | D:5      | Found a sand-covered staircase.
  3290 | Ossuary  | Entered an ossuary
  3306 | Ossuary  | Reached skill level 8 in Maces & Flails
  3476 | Ossuary  | Reached *** piety under Trog
  3477 | Ossuary  | Reached skill level 9 in Maces & Flails
  4404 | D:6      | Reached XP level 9. HP: 66/79 MP: 8/8
  4421 | D:6      | Reached skill level 10 in Maces & Flails
  4913 | D:6      | Gained mutation: You have an increased reservoir of magic.
                  | (+10% MP) [potion of mutation]
  4913 | D:6      | Gained mutation: You have supernaturally acute eyesight.
                  | (SInv) [potion of mutation]
  4968 | D:7      | Noticed Jeremiah
  5043 | D:7      | Killed from afar by Jeremiah

Illustrated notes

Levels and vault maps discovered:
D:1:      heliophobic_arrival_ceremonial_halls, layout_rooms
D:2:      layout_basic, minmay_misc_feat_alley, uniq_jessica
D:3:      layout_loops_cross, chequers_mini_garden, kennysheep_cluttered_room
D:4:      layout_basic, kennysheep_diamond, minmay_misc_feat_room,
          chequers_serial_rivers_micro_e
D:5:      layout_basic, nemelex_xobeh_ov_fountains_minmay, portal_sewer_entry_c,
          enter_ossuary_5, uniq_eustachio, uniq_menkaure, uniq_blork_the_orc
D:6:      layout_rooms
D:7:      layout_gridville, minmay_temple_entry_junction, uniq_maurice,
          uniq_jeremiah

Skill      XL: |  1  2  3  4  5  6  7  8  9 |
---------------+----------------------------+-----
Fighting       | 4 5 6 7 |  7.2
Maces & Flails | 4 5 6 7 9 10 | 10.1
Armour         | 3 4 6 8 |  8.6
Dodging        | 3 4 |  4.0
Stealth        | |  0.7

Action                     |  1- 3 |  4- 6 |  7- 9 || total
---------------------------+-------+-------+-------++-------
  Melee: Mace              |    56 |    38 |       ||    94
         Headbutt          |     4 |    13 |    53 ||    70
         Flail             |       |    43 |   284 ||   327
 Invoke: Trog's Hand       |       |     5 |    16 ||    21
         Berserk           |       |     3 |     2 ||     5
    Use: Potion            |       |       |    10 ||    10
         Scroll            |       |       |     6 ||     6
 Armour: Animal skin       |    15 |       |       ||    15
         Ring mail         |    22 |     7 |       ||    29
         Chain mail        |       |    67 |   273 ||   340
  Dodge: Dodged            |    38 |    49 |   176 ||   263

Table legend: (Time is in decaauts)
 A = Elapsed time spent in this place.
 B = Non-inter-level travel time spent in this place.
 C = Inter-level travel time spent in this place.
 D = Time resting spent in this place.
 E = Time spent auto-exploring this place.
 F = Levels seen in this place.
 G = Mean time per level.
                   A        B        C        D        E       F      G
               +--------+--------+--------+--------+--------+-----+--------+
         Total |   5108 |   4909 |    199 |      0 |   2868 |   8 |  638.5 |
       Dungeon |   4793 |   4594 |    199 |      0 |   2867 |   7 |  684.7 |
       Ossuary |    315 |    315 |      0 |      0 |      1 |   1 |  315.0 |
               +--------+--------+--------+--------+--------+-----+--------+

Top non-repeatable levels by time:
     D:5: 1205 daAuts
     D:3: 1063 daAuts
     D:2: 1030 daAuts
     D:6: 557 daAuts
     D:1: 441 daAuts
     D:4: 354 daAuts
 Ossuary: 315 daAuts
     D:7: 138 daAuts
